 Dungeon Sprint DCSS version 0.19.4-12-gccf7e64 (webtiles) character file.

15141 Groucho the Imperceptible (level 11, 0/93 HPs)
             Began as a Felid Berserker on Feb 28, 2017.
             Was the Champion of Trog.
             Slain by an emperor scorpion (15 damage)
             ... called by a spriggan druid
             ... in the Dungeon (Sprint IX: "|||||||||||||||||||||||||||||").
             The game lasted 00:09:57 (6717 turns).

Groucho the Imperceptible (Felid Berserker)         Turns: 6717, Time: 00:09:58

Health: 0/93       AC:  3    Str: 24    XL:     11   Next: 97%
Magic:  21/21      EV: 25    Int:  8    God:    Trog [******]
Gold:   1501       SH:  0    Dex: 17    Spells: 0 memorised, 10 levels left
                                        Lives:  0   Deaths: 3

rFire  . . .     SeeInvis +       - Unarmed
rCold  + . .     Gourm    .     (armour unavailable)
rNeg   . . .     Faith    .     (shield unavailable)
rPois  +         Spirit   .     (helmet unavailable)
rElec  .         Reflect  .     (cloak unavailable)
rCorr  .         Harm     .     (gloves unavailable)
MR     +++..     NoTele   +     (boots unavailable)
Stlth  ..........               (no amulet)
                                r - ring of Maniano {MP+9 EV+3 Str+2 SInv}
                                t - ring of poison resistance

@: berserking, grasped by roots, regenerating, very quick
A: no armour, no weapons or thrown items, stealth, claws 1, fangs 3, see
invisible, carnivore 3, speed 1, shaggy fur 3, slow metabolism 1, sharp paws
a: Berserk, Trog's Hand, Brothers in Arms, Burn Spellbooks, Renounce Religion


You were in the Dungeon.
You worshipped Trog.
Trog was exalted by your worship.
You were not hungry.

You visited 1 branch You collected 1937 gold pieces.
You spent 436 gold pieces at shops.

Inventory:

Jewellery
 k - a +3 ring of dexterity
 l - a +3 ring of dexterity
 r - the ring of Maniano (right paw) {MP+9 EV+3 Str+2 SInv}
   (You bought it in a shop in the Dungeon)

   [ring of evasion]

   It affects your evasion (+3).
   It affects your strength (+2).
   It affects your magic capacity (+9).
   It lets you see invisible.
 s - an uncursed ring of protection from cold
 t - a ring of poison resistance (left paw)
Wands
 j - a wand of lightning (5/15)
Scrolls
 g - 3 scrolls of blinking
 i - 4 scrolls of remove curse
 m - a scroll of fear
 n - 2 scrolls of identify
Potions
 b - 6 potions of curing
 d - 3 potions of haste
 e - 4 potions of magic
 f - 2 potions of berserk rage
 h - a potion of brilliance
 p - a potion of degeneration {unknown}
 q - 2 potions of might
Comestibles
 a - 11 meat rations


   Skills:
 + Level 16.1 Fighting
 + Level 20.1 Dodging
 - Level 21.1 Stealth
 * Level 19.1 Unarmed Combat


You had 10 spell levels left.
You didn't know any spells.

Dungeon Overview and Level Annotations

Branches:
Dungeon (1/1)

Altars:
Cheibriados
Dithmenos
Elyvilon
Fedhas
Gozag
Hepliaklqana
Kikubaaqudgha
Makhleb
Nemelex Xobeh
Okawaru
Qazlal
Ru
Sif Muna
Trog
Uskayaw
Vehumet
Xom
Yredelemnul
Zin
The Shining One
Beogh
Jiyva
Lugonu

Shops:
D =%*:


Innate Abilities, Weirdness & Mutations

You cannot wear armour.
You are incapable of wielding weapons or throwing items.
Your paws allow you to move quietly. (Stealth)
You have sharp claws.
You have razor-sharp teeth.
You have supernaturally acute eyesight. (SInv)
You are carnivorous and can eat meat at any time.
You cover ground quickly.
Your thick and shaggy fur keeps you warm. (AC +3, rC+)
You have a slow metabolism.
Your sharp claws are effective at attacking unaware monsters.


Message History

Unknown command.
You are too injured to fight recklessly!
Unknown command.
You are too injured to fight recklessly!
You are too injured to fight recklessly!
Unknown command.
You are too injured to fight recklessly!
Unknown command.
You are too injured to fight recklessly!
You mangle the emperor scorpion!!
The emperor scorpion is lightly wounded.
The ground creaks as gnarled roots bulge its surface.
Your stone giant hits the shambling mangrove!!!
The shambling mangrove is destroyed!
Trog accepts your kill.
The grasping roots settle back into the ground.
The spriggan druid mumbles some strange words.
The forest starts to sway and rumble!
The hornet completely misses you. The emperor scorpion stings you!
You die...

♣.▓'▓.▓)▓.▓†▓.▓.
♣t♣.▓.▓.▓)▓.▓'▓.▓'
♣f♣.▓.▓.▓'▓.▓.▓.▓.
♣i♣.▓?▓.▓.▓.▓.▓.▓_
♣F♣.▓.▓.▓.▓.▓.▓.▓_
♣†♣.▓.▓.▓.▓.▓.▓.▓_
♣C♣)▓.▓.▓)▓.▓.▓.▓_
♣y♣.▓.▓.▓.▓.▓.▓.▓_
▓@▓.▓.▓.▓.▓.▓.▓.▓_
▓s▓.▓.▓.▓.▓)▓.▓.▓_
▓.▓.▓.▓.▓.▓)▓.▓.▓_
▓.▓.▓[▓.▓)▓.▓'▓.▓_
▓.▓.▓[▓.▓.▓.▓.▓.▓_
▓.▓.▓[▓.▓.▓.▓.▓.▓_
▓.▓.▓[▓.▓.▓)▓.▓.▓_
▓.▓.▓[▓.▓'▓)▓.▓.▓_
▓.▓.▓[▓.▓.▓.▓.▓.▓_


You could see an emperor scorpion, a shambling mangrove, an alligator, a
spriggan druid, a spiny frog, a hornet and a friendly stone giant (berserk).

Vanquished Creatures
  Rupert (D)
  Azrael (D)
  Erolcha (D)
  2 anacondas (D)
  A rakshasa (D)
  An alligator (shapeshifter) (D)
  A catoblepas (D)
  Erica (D)
  6 ogre magi (D)
  A shock serpent (D)
  An unseen horror (D)
  An orc knight (D)
  A naga ritualist (D)
  A deep elf mage (D)
  A necromancer (D)
  An ugly thing (D)
  An orb spider (D)
  A faun (shapeshifter) (D)
  A manticore (D)
  3 black mambas (D)
  2 naga magi (D)
  Joseph (D)
  A rime drake (D)
  2 spiny frogs (D)
  A demonic crawler (D)
  A komodo dragon (D)
  2 hornets (D)
  2 two-headed ogres (D)
  A blink frog (D)
  A hippogriff (D)
  A redback (D)
  4 tarantellas (D)
  A wyvern (D)
  A yak (D)
  Grum (D)
  2 wargs (D)
  6 hell hounds (D)
  A soldier ant (D)
  2 water moccasins (D)
  2 porcupines (D)
  9 orc warriors (D)
  A black bear (shapeshifter) (D)
  6 ogres (D)
  2 boggarts (D)
  6 wolves (D)
  7 crocodiles (D)
  3 bullfrogs (D)
  3 wights (D)
  A howler monkey (D)
  4 orc priests (D)
  6 orc wizards (D)
  An iguana (D)
  A worker ant (D)
  A gnoll (D)
  An adder zombie (D)
  A leopard gecko (D)
  8 orcs (D)
  A goblin (D)
  2 hobgoblins (D)
  A jackal (D)
  A quokka (D)
  A quokka zombie (D)
  A rat (D)
131 creatures vanquished.

Vanquished Creatures (collateral kills)
  2 shambling mangroves (D)
  A swamp dragon (D)
  A spiny frog (D)
  A bog body (D)
5 creatures vanquished.

Grand Total: 136 creatures vanquished

Notes
Turn   | Place    | Note
-------+----------+-------------------------------------------
     0 | D        | Groucho the Felid Berserker began the quest for the Orb.
     0 | D        | Reached XP level 1. HP: 10/10 MP: 2/2
     5 | D        | Reached skill level 1 in Stealth
     6 | D        | Reached skill level 2 in Stealth
     7 | D        | Reached ** piety under Trog
    14 | D        | Reached skill level 3 in Stealth
   222 | D        | Reached skill level 5 in Dodging
   222 | D        | Reached skill level 4 in Stealth
   222 | D        | Reached XP level 2. HP: 15/15 MP: 3/3
   225 | D        | Reached *** piety under Trog
   231 | D        | Reached skill level 5 in Stealth
   240 | D        | Found a roughly hewn altar of Beogh.
   240 | D        | Found a snail-covered altar of Cheibriados.
   240 | D        | Found a shadowy altar of Dithmenos.
   240 | D        | Found a white marble altar of Elyvilon.
   240 | D        | Found a blossoming altar of Fedhas.
   240 | D        | Found an opulent altar of Gozag.
   241 | D        | Found a hazy altar of Hepliaklqana.
   242 | D        | Found a viscous altar of Jiyva.
   243 | D        | Found an ancient bone altar of Kikubaaqudgha.
   244 | D        | Found a corrupted altar of Lugonu.
   245 | D        | Found a burning altar of Makhleb.
   246 | D        | Found a sparkling altar of Nemelex Xobeh.
   247 | D        | Found an iron altar of Okawaru.
   248 | D        | Found a stormy altar of Qazlal.
   249 | D        | Found a sacrificial altar of Ru.
   250 | D        | Found a deep blue altar of Sif Muna.
   251 | D        | Found a bloodstained altar of Trog.
   252 | D        | Found a hide-covered altar of Uskayaw.
   253 | D        | Found a radiant altar of Vehumet.
   254 | D        | Found a shimmering altar of Xom.
   255 | D        | Found a basalt altar of Yredelemnul.
   256 | D        | Found a glowing silver altar of Zin.
   257 | D        | Found a glowing golden altar of the Shining One.
   284 | D        | Noticed a wight
   284 | D        | Noticed a wight
   284 | D        | Noticed a howler monkey
   284 | D        | Noticed a soldier ant
   284 | D        | Noticed a bullfrog
   291 | D        | Killed a bullfrog
   291 | D        | Reached skill level 7 in Stealth
   291 | D        | Reached XP level 3. HP: 15/19 MP: 4/4
   291 | D        | Reached XP level 4. HP: 18/22 MP: 5/5
   292 | D        | Reached **** piety under Trog
   292 | D        | Reached skill level 5 in Fighting
   292 | D        | Reached skill level 8 in Stealth
   292 | D        | Reached skill level 5 in Unarmed Combat
   301 | D        | Killed a soldier ant
   301 | D        | Reached skill level 10 in Stealth
   301 | D        | Reached XP level 5. HP: 21/27 MP: 6/6
   307 | D        | Slain by a wight
   308 | D        | Reached XP level 4. HP: -5/24 MP: 5/5
   318 | D        | Noticed a hippogriff
   318 | D        | Noticed a bullfrog
   318 | D        | Noticed an orc warrior
   318 | D        | Noticed a deep elf mage
   323 | D        | Reached skill level 11 in Stealth
   323 | D        | Reached XP level 5. HP: 24/28 MP: 6/6
   334 | D        | Killed a hippogriff
   334 | D        | Reached ***** piety under Trog
   334 | D        | Reached skill level 12 in Stealth
   334 | D        | Gained mutation: You are covered in thick fur. (AC +2) [Felid growth]
   334 | D        | Reached XP level 6. HP: 30/33 MP: 7/7
   335 | D        | Reached skill level 13 in Stealth
   340 | D        | Killed an orc warrior
   340 | D        | Reached skill level 10 in Dodging
   345 | D        | Killed a deep elf mage
   345 | D        | Reached skill level 14 in Stealth
   345 | D        | Reached XP level 7. HP: 34/37 MP: 8/8
   355 | D        | Reached skill level 15 in Stealth
   356 | D        | Reached XP level 8. HP: 39/41 MP: 9/9
   480 | D        | Noticed a spiny frog
   480 | D        | Noticed a rime drake
   494 | D        | Reached skill level 16 in Stealth
   496 | D        | Reached ****** piety under Trog
   502 | D        | Killed a rime drake
   509 | D        | Killed a spiny frog
   509 | D        | Reached skill level 17 in Stealth
   509 | D        | Reached XP level 9. HP: 41/46 MP: 10/10
   514 | D        | Reached skill level 10 in Fighting
   516 | D        | Reached skill level 10 in Unarmed Combat
   667 | D        | Noticed a spiny frog
   667 | D        | Noticed a komodo dragon
   702 | D        | Killed a komodo dragon
   702 | D        | Reached skill level 18 in Stealth
   735 | D        | Killed a spiny frog
  1365 | D        | Reached skill level 19 in Stealth
  1382 | D        | Reached XP level 10. HP: 52/52 MP: 11/11
  1480 | D        | Noticed Erolcha
  1493 | D        | Killed Erolcha
  1493 | D        | Reached skill level 20 in Stealth
  1522 | D        | Noticed Joseph
  1526 | D        | Noticed Grum
  1529 | D        | Killed Joseph
  1546 | D        | Killed Grum
  1739 | D        | Mangled by an orc warrior
  1740 | D        | Reached XP level 9. HP: -7/49 MP: 10/10
  1838 | D        | Noticed an orc knight
  2033 | D        | Killed an orc knight
  2033 | D        | Reached skill level 15 in Dodging
  2033 | D        | Reached skill level 21 in Stealth
  2257 | D        | Reached XP level 10. HP: 22/53 MP: 11/11
  2784 | D        | Found Keziogei's Book Boutique.
  2784 | D        | Noticed an ogre mage
  2784 | D        | Noticed an ogre mage
  2784 | D        | Noticed an ogre mage
  2786 | D        | Killed an ogre mage
  2787 | D        | Found Poxkomut's General Store.
  2788 | D        | Killed an ogre mage
  2789 | D        | Noticed an ogre mage
  2791 | D        | Found Ypaekhly's Food Boutique.
  2801 | D        | Noticed an ogre mage
  2801 | D        | Killed an ogre mage
  2802 | D        | Found Latwoan's Jewellery Shop.
  2806 | D        | Killed an ogre mage
  2820 | D        | Killed an ogre mage
  2820 | D        | Reached XP level 11. HP: 58/58 MP: 12/12
  2880 | D        | Bought the ring of Maniano {MP+9 EV+3 Str+2 SInv} for 436 gold pieces
  3126 | D        | Noticed Erica
  3139 | D        | Killed Erica
  3809 | D        | Noticed an unseen horror
  3809 | D        | Noticed a green ugly thing
  3809 | D        | Noticed a catoblepas
  4042 | D        | Killed a catoblepas
  4042 | D        | Reached skill level 15 in Unarmed Combat
  4269 | D        | Killed a green ugly thing
  4390 | D        | Killed an unseen horror
  4477 | D        | Noticed a rakshasa
  4506 | D        | Killed a rakshasa
  4949 | D        | Noticed an alligator
  4958 | D        | Killed an alligator
  5177 | D        | Noticed a necromancer
  5178 | D        | Noticed an ogre mage
  5186 | D        | Killed a necromancer
  5190 | D        | Killed an ogre mage
  5230 | D        | Noticed Azrael
  5239 | D        | Killed Azrael
  5246 | D        | Gained mutation: Your thick and shaggy fur keeps you warm. (AC +3, rC+) [Felid growth]
  5246 | D        | Reached XP level 12. HP: 64/64 MP: 13/13
  5264 | D        | Noticed Rupert
  5281 | D        | Killed Rupert
  5281 | D        | Reached skill level 15 in Fighting
  5654 | D        | Noticed an anaconda
  5654 | D        | Noticed an anaconda
  5664 | D        | Killed an anaconda
  5672 | D        | HP: 1/99 [something (6)]
  5677 | D        | HP: 1/99 [naga mage (4)]
  5682 | D        | Mangled by an anaconda
  5683 | D        | Reached XP level 11. HP: -12/91 MP: 21/21
  5763 | D        | Killed an anaconda
  5807 | D        | HP: 3/62 [black mamba (19)]
  6154 | D        | Noticed an orb spider
  6168 | D        | Killed an orb spider
  6700 | D        | Noticed a shambling mangrove
  6700 | D        | Noticed a shambling mangrove
  6700 | D        | Noticed a swamp dragon
  6703 | D        | Killed a swamp dragon
  6706 | D        | Noticed a spriggan druid
  6709 | D        | Noticed an emperor scorpion
  6710 | D        | Killed a shambling mangrove
  6714 | D        | Noticed a shambling mangrove
  6717 | D        | Noticed an alligator
  6717 | D        | Killed a shambling mangrove
  6717 | D        | Slain by an emperor scorpion

Skill      XL: |  1  2  3  4  5  6  7  8  9 10 11 12 |
---------------+-------------------------------------+-----
Stealth        | 4 7 11 12 14 15 17 21 20 | 21.1
Dodging        | 5 6 8 9 11 12 15 16 20 19 | 20.1
Fighting       | 4 6 7 8 9 12 13 16 15 | 16.1
Unarmed Combat | 4 5 7 8 9 12 14 19 18 | 19.1

Action                   |  1- 3 |  4- 6 |  7- 9 | 10-12 || total
-------------------------+-------+-------+-------+-------++-------
Melee: Unarmed           |    31 |    37 |   173 |   314 ||   555
       Bite              |     5 |     6 |    33 |    48 ||    92
       Punch             |     1 |     1 |     5 |    27 ||    34
Invok: Trog's Hand       |     2 |       |     4 |     9 ||    15
       Berserk           |     1 |       |     4 |     5 ||    10
       Brothers in Arms  |       |       |       |     1 ||     1
Evoke: Wand              |       |       |     1 |     1 ||     2
  Use: Potion            |       |     2 |     3 |     4 ||     9
 Stab: Distracted        |     1 |       |     1 |    10 ||    12
       Invisible         |       |     3 |     2 |       ||     5
       Sleeping          |       |       |       |     4 ||     4
  Eat: Chunk             |       |       |     5 |     5 ||    10
       Meat ration       |       |       |       |     2 ||     2
       Beef jerky        |       |       |       |     1 ||     1
Armor: Skin              |     1 |       |       |     4 ||     5
Dodge: Dodged            |    19 |    33 |   119 |   243 ||   414
